Map: Distant Plane

Players

Gracz - Winner!

  • Race: Terran Terran

Retsech - Winner!

  • Race: Terran Terran

A.I. 2 (Medium)

  • Race: Terran Terran

A.I. 3 (Medium)

  • Race: Zerg Zerg

VOD

Have the link to the VOD?

Description

Time

  • Played on: Aug. 25, 2016, 3:52 p.m.
  • Length: 19:09
Show
View Real Time Build Order
Export as new Build Order

Gracz Terran - Winner!

Build Orders: Command Center First (CC) 

Get SALT Encoding   

  12  0:02  SCV  
  13  0:14  SCV  
  14  0:25  Supply Depot  
  14  0:26  SCV  
  15  0:46  SCV  
  16  0:58  SCV  
  17  1:06  Command Center  
  17  1:19  Refinery, SCV  
  18  1:31  SCV  
  19  1:43  Refinery, SCV  
  20  1:55  SCV  
  21  2:18  SCV  
  21  2:22  SCV  
  23  2:30  SCV  
  23  2:34  SCV  
  25  2:42  SCV  
  26  2:46  SCV  
  27  2:52  Command Center  
  27  2:55  SCV  
  27  2:58  SCV  
  29  3:07  SCV  
  29  3:10  Refinery  
  29  3:12  Refinery  
  30  3:19  SCV  
  31  3:22  Refinery  
  31  3:28  Barracks  
  31  3:29  Refinery  
  31  3:31  SCV  
  32  3:49  Supply Depot  
  32  4:09  SCV  
  33  4:21  SCV  
  34  4:26  Orbital Command  
  34  4:28  Orbital Command  
  34  4:33  SCV  
  34  4:35  Supply Depot  
  36  4:45  SCV  
  36  4:58  Barracks  
  36  5:02  Barracks  
  36  5:04  Supply Depot  
  36  5:15  Barracks  
  36  5:25  Barracks  
  28  5:50  Marine  
  28  5:51  Marine x2  
  31  6:03  Barracks  
  29  6:47  Barracks  
  29  6:58  Barracks  
  29  7:02  Barracks  
  26  8:14  Barracks Reactor x9  
  26  8:36  Orbital Command  
  26  8:39  SCV  
  27  8:51  SCV  
  28  9:03  SCV  
  29  9:10  Factory  
  29  9:14  Engineering Bay  
  29  9:16  SCV  
  30  9:18  Marine x11  
  30  9:19  Marine x7  
  48  9:28  SCV  
  48  9:36  Marine x15  
  48  9:37  Marine x3  
  66  9:48  Orbital Command  
  66  9:53  Marine  
  66  9:54  Marine x7  
  74  10:18  Starport  
  74  10:30  Starport, Terran Infantry Weapons Level 1  
  74  10:42  Engineering Bay  
  74  10:43  Marine, Engineering Bay  
  74  10:44  Marine x16  
  74  10:45  Marine  
  92  11:01  Marine  
  92  11:02  Marine  
  94  11:11  SCV  
  95  11:23  SCV  
  96  11:27  Marine  
  96  11:28  Marine x4  
  101  11:36  Supply Depot  
  101  11:38  Supply Depot  
  101  11:46  Supply Depot  
  101  11:47  Terran Infantry Armor Level 1  
  101  11:48  Supply Depot  
  101  11:49  Building Armor  
  101  11:57  Marine x7  
  101  11:58  SCV  
  101  11:59  Marine x4  
  114  12:10  SCV  
  114  12:15  Supply Depot  
  115  12:20  Supply Depot  
  115  12:21  Marine  
  115  12:22  SCV  
  116  12:25  Supply Depot  
  116  12:28  Starport Tech Lab  
  116  12:29  Starport Tech Lab  
  116  12:34  SCV  
  116  12:36  Starport  
  117  12:42  Starport  
  97  13:36  Marine x8  
  97  13:37  Marine x7  
  97  13:38  Marine x3  
  115  13:54  Marine x13  
  130  13:56  Marine x3  
  130  13:59  Starport Tech Lab  
  130  14:01  Starport Tech Lab  
  133  14:12  Marine x6  
  133  14:15  Marine  
  133  14:16  Marine  
  139  14:33  Marine  
  139  14:37  Orbital Command  
  140  14:39  Medivac  
  140  14:40  Medivac x3  
  148  14:46  Marine  
  148  14:47  Marine x2  
  151  15:09  Medivac  
  151  15:10  Medivac x3  
  124  15:39  Medivac  
  124  15:40  Marine  
  124  15:41  Marine x16  
  143  16:43  Combat Shields  
  143  16:45  Stimpack  
Show
View Real Time Build Order
Export as new Build Order

Retsech Terran - Winner!

Build Orders: MMM Bio 

Get SALT Encoding   

  12  0:03  SCV  
  13  0:15  Supply Depot  
  13  0:21  SCV  
  14  0:33  SCV  
  15  0:42  Refinery  
  15  0:45  SCV  
  15  0:48  Supply Depot  
  16  0:58  SCV  
  16  1:02  Barracks  
  17  1:10  SCV  
  18  1:22  SCV  
  19  1:27  Barracks  
  19  1:32  Refinery  
  19  1:42  Barracks  
  19  1:46  SCV  
  20  1:52  Barracks Tech Lab  
  20  1:58  SCV  
  21  2:03  Supply Depot  
  21  2:14  Combat Shields  
  21  2:16  Barracks Tech Lab  
  21  2:25  Orbital Command  
  21  2:30  Barracks Tech Lab  
  21  2:37  Stimpack  
  21  3:14  SCV  
  21  3:16  Command Center  
  22  3:26  SCV  
  23  3:36  Marine x3  
  23  3:38  SCV  
  27  3:50  SCV  
  27  3:54  Marine x3  
  31  3:58  Supply Depot  
  31  4:02  SCV  
  32  4:12  Refinery  
  32  4:14  Marine, SCV  
  34  4:17  Marine, Refinery  
  34  4:20  Marine  
  36  4:31  Marine  
  36  4:32  Orbital Command  
  36  4:36  SCV  
  38  4:48  SCV  
  38  4:49  Marine x2  
  41  5:00  SCV  
  42  5:07  Engineering Bay  
  42  5:19  Barracks  
  42  5:24  Barracks  
  42  5:32  Marine x3  
  45  5:40  SCV  
  45  5:41  SCV  
  47  5:51  Marine x3  
  47  5:52  SCV  
  51  6:07  Barracks  
  45  6:14  Marine x5  
  44  6:32  Marine x4  
  47  6:35  SCV  
  47  6:37  SCV  
  50  6:47  SCV  
  50  6:49  SCV  
  50  6:50  Marine x3  
  57  6:58  Barracks Reactor  
  57  7:04  Barracks Reactor x2  
  55  7:16  Supply Depot x2  
  55  7:17  Supply Depot  
  55  7:19  Supply Depot  
  55  7:22  Supply Depot  
  55  7:24  Marine x3  
  58  7:39  Marine  
  58  7:40  Marine  
  58  7:41  Marine  
  58  7:42  Marine x2  
  62  7:57  Marine  
  62  7:58  Marine x3  
  64  7:59  Marine x3  
  64  8:00  Marine  
  66  8:09  Marine  
  66  8:12  SCV  
  68  8:15  Marine x2  
  68  8:16  Marine x2  
  68  8:17  Marine x4  
  76  8:27  Marine  
  76  8:33  Marine x3  
  76  8:34  Marine  
  81  8:35  Marine x4  
  85  8:45  Marine  
  85  8:47  Command Center  
  86  8:51  Marine x4  
  86  8:54  Marine x2  
  92  9:02  Marine  
  92  9:06  SCV x2  
  92  9:09  Marine x2  
  97  9:18  SCV x2  
  93  9:59  SCV  
  94  10:03  Refinery  
  94  10:04  Refinery  
  94  10:07  Marine x3  
  94  10:08  Marine x2  
  94  10:11  SCV  
  94  10:13  Terran Infantry Weapons Level 1  
  100  10:25  Marine x4  
  100  10:26  Marine  
  105  10:30  Factory  
  105  10:37  Orbital Command  
  105  10:40  SCV  
  105  10:41  SCV  
  107  10:43  Marine x5  
  112  10:52  SCV  
  112  10:53  SCV  
  114  11:01  Marine  
  115  11:09  Supply Depot  
  115  11:11  Supply Depot  
  115  11:29  Factory  
  115  11:31  Factory  
  115  11:34  Factory  
  115  11:43  Factory Tech Lab  
  110  12:07  Terran Infantry Armor Level 1  
  110  12:14  Factory  
  110  12:27  Factory Tech Lab  
  110  12:35  Factory Tech Lab  
  110  12:39  Marine x2  
  110  12:40  Marine x3  
  115  12:47  Factory Tech Lab  
  115  12:57  Marine x3  
  115  12:58  Marine x2  
  120  13:03  Factory Tech Lab  
  120  13:15  Marine x4  
  124  13:22  Armory  
  124  13:52  Marine x5  
  129  14:09  Thor x4  
  153  14:10  Marine x5  
  158  14:27  Marine  
  158  14:28  Marine  
  153  14:51  Thor x2  
  153  14:52  Thor x2  
  148  15:34  Thor x3  
  148  15:35  Thor  
  130  16:17  Thor x4  
  130  16:18  Marine x5  
  139  16:36  Marine x5  
  143  16:53  Marine  
  143  16:54  Marine x4  
  145  17:00  Thor x4  
  172  17:11  Marine  
  172  17:29  Marine x5  
  174  17:43  Thor x4  
  198  17:46  Marine  
  199  17:54  Marine x2  
  192  18:24  Marine x3  
  192  18:25  Marine  
Show
View Real Time Build Order
Export as new Build Order

A.I. 2 (Medium) Terran 

Build Orders:  

Get SALT Encoding   

  12  0:01  SCV  
  13  0:13  SCV  
  14  0:18  Supply Depot  
  14  0:25  SCV  
  15  0:40  SCV  
  16  0:46  Barracks  
  16  0:51  Refinery  
  16  0:52  SCV  
  17  1:04  SCV  
  18  1:16  Supply Depot  
  18  1:34  Marine  
  18  1:36  Barracks, Orbital Command  
  19  1:45  Refinery  
  19  1:52  Barracks Tech Lab  
  19  2:10  Marine  
  20  2:17  Supply Depot  
  20  2:24  Marine  
  21  2:37  Marine  
  22  2:49  Supply Depot  
  22  2:51  Marine  
  23  2:59  SCV  
  23  3:04  Marine  
  25  3:11  SCV  
  26  3:13  Engineering Bay  
  26  3:18  Marine  
  27  3:23  SCV  
  28  3:32  Marauder  
  30  3:36  SCV  
  31  3:45  Marine  
  31  3:48  SCV  
  33  3:52  Supply Depot  
  33  3:59  Marine  
  33  4:00  SCV  
  35  4:17  Marauder  
  37  4:39  Marauder  
  39  5:00  Marauder  
  41  6:56  Barracks Tech Lab, Marine  
  41  6:58  Factory  
  42  7:01  Factory  
  42  7:03  Missile Turret  
  42  7:05  Missile Turret  
  42  7:07  Sensor Tower  
  42  7:08  Ghost Academy  
  42  7:13  Barracks  
  42  7:27  Bunker  
  42  7:31  Command Center  
  42  7:37  Ghost  
  44  7:46  Starport  
  44  7:47  Marine, Factory Tech Lab x2  
  36  7:51  Armory  
  28  8:00  Barracks Reactor  
  28  8:06  Marauder  
  28  8:09  Marine  
  31  8:24  Starport Tech Lab  
  31  8:27  Marauder  
  31  8:31  Marauder  
  35  8:39  Marine  
  36  8:44  SCV, Raven  
  36  8:47  SCV  
  40  8:49  Marine  
  41  8:56  SCV  
  41  8:58  Marine  
  41  8:59  SCV  
  44  9:07  Marine  
  44  9:08  SCV  
  46  9:11  SCV  
  47  9:17  Marine  
  47  9:19  Missile Turret, Refinery  
  47  9:21  SCV  
  47  9:23  SCV  
  50  9:26  Marine, Raven  
  50  9:27  Missile Turret  
  50  9:28  Refinery  
  53  9:33  SCV  
  53  9:35  SCV  
  53  9:36  Marauder  
  57  9:45  Marine, SCV  
  59  9:48  Bunker, SCV  
  60  9:57  SCV  
  61  10:00  SCV  
  61  10:05  Supply Depot  
  62  10:09  SCV  
  62  10:12  SCV  
  64  10:21  SCV  
  65  11:24  Siege Tank  
  65  11:25  Combat Shields, Medivac  
  70  11:26  Terran Infantry Weapons Level 1, Stimpack  
  70  11:30  Starport  
  70  11:32  Supply Depot, Siege Tank  
  73  11:37  Command Center, Fusion Core  
  72  11:42  Engineering Bay  
  72  11:48  Armory  
  61  11:55  Medivac  
  61  11:57  Supply Depot, Siege Tank  
  61  11:58  Marine  
  56  12:06  Siege Tank  
  56  12:07  Terran Infantry Armor Level 1  
  56  12:08  Starport Reactor  
  59  12:13  Marine  
  60  12:20  Marine  
  61  12:25  Raven  
  61  12:27  Marine  
  64  12:34  Marine  
  65  12:41  Marine  
  66  12:44  Concussive Shells  
  66  12:49  Marine, SCV  
  66  12:50  Refinery  
  68  12:52  SCV  
  68  12:55  SCV  
  68  12:56  Marine  
  71  13:01  SCV  
  71  13:03  Missile Turret, Marine  
  71  13:04  SCV  
  74  13:05  Missile Turret  
  74  13:07  Refinery, SCV  
  74  13:08  Raven  
  74  13:10  Siege Tank  
  80  13:14  SCV  
  80  13:16  SCV  
  80  13:17  Marine  
  80  13:19  SCV  
  84  13:25  Siege Tank  
  84  13:26  SCV  
  84  13:27  Bunker  
  88  13:29  SCV  
  88  13:31  SCV  
  90  13:38  SCV  
  90  13:41  SCV  
  92  15:00  Command Center  
  87  15:17  Marine  
  87  15:23  Hellion  
  79  15:33  Marine  
  56  15:38  Marine  
  56  15:44  Siege Tank  
  54  15:56  Marine  
  49  16:11  Orbital Command  
  49  16:14  Marine  
  49  16:16  Siege Tank  
  37  17:02  Refinery  
  28  17:10  SCV  
  22  17:18  SCV  
  22  17:21  Refinery  
  22  17:23  SCV  
  23  17:30  Supply Depot  
  23  17:44  Command Center  
  23  17:52  SCV  
  23  17:53  Refinery  
  23  17:54  SCV  
  23  17:58  Refinery  
  25  18:01  Supply Depot  
  25  18:23  SCV  
  14  18:35  SCV  
  14  18:47  SCV  
  15  18:55  Barracks  
Show
View Real Time Build Order
Export as new Build Order

A.I. 3 (Medium) Zerg 

Build Orders: Pool First 

Get SALT Encoding   

  12  0:01  Drone  
  13  0:12  Overlord  
  13  0:17  Drone  
  14  0:30  Drone  
  14  0:33  Drone  
  16  0:45  Spawning Pool  
  16  0:46  Drone  
  16  0:50  Drone  
  16  0:53  Extractor  
  16  0:56  Drone  
  17  1:06  Overlord  
  17  1:32  Zergling x2, Queen  
  20  1:38  Drone  
  20  1:39  Roach Warren  
  20  1:41  Zergling x2, Extractor  
  20  1:49  Drone  
  21  2:00  Drone  
  22  2:10  Overlord  
  22  2:21  Roach  
  24  2:32  Roach  
  26  2:38  Overlord  
  26  2:41  Roach  
  28  2:50  Drone  
  28  2:51  Roach  
  31  2:55  Drone  
  32  3:05  Drone  
  33  3:10  Roach, Drone  
  36  3:13  Drone  
  36  3:17  Drone  
  38  3:27  Baneling Nest  
  38  3:28  Roach, Evolution Chamber  
  38  3:38  Drone  
  39  3:42  Drone, Overlord  
  40  5:04  Lair, Drone, Overlord  
  40  5:06  Spore Crawler  
  40  5:07  Drone  
  40  5:08  Spore Crawler  
  40  5:10  Drone  
  40  5:13  Drone  
  42  5:31  Hatchery  
  41  5:55  Spine Crawler  
  41  5:57  Drone  
  41  6:01  Queen  
  41  6:02  Overseer x2  
  42  6:05  Spire  
  42  6:06  Drone  
  42  6:08  Hydralisk Den  
  42  6:09  Drone  
  42  6:10  Spine Crawler  
  36  6:12  Infestation Pit, Drone  
  36  6:16  Drone  
  35  6:19  Zergling x2  
  34  6:31  Roach  
  32  6:42  Roach  
  32  6:44  Drone  
  35  6:47  Drone  
  35  6:50  Drone  
  35  6:53  Drone  
  40  6:54  Roach  
  40  6:57  Drone  
  41  7:02  Drone  
  41  7:05  Roach, Drone  
  46  7:08  Drone  
  46  7:11  Drone  
  46  7:14  Drone  
  48  7:16  Hydralisk  
  48  7:18  Drone  
  48  7:21  Drone  
  52  7:24  Drone  
  52  7:28  Hydralisk, Overlord  
  55  7:31  Drone  
  56  7:38  Drone, Spore Crawler  
  56  7:40  Hydralisk  
  56  7:44  Spore Crawler  
  57  7:47  Queen  
  57  7:49  Drone  
  60  7:51  Hydralisk  
  60  7:52  Drone  
  60  7:55  Drone  
  60  7:56  Evolution Chamber  
  60  7:58  Drone  
  64  8:01  Drone  
  65  8:05  Drone  
  65  8:08  Spine Crawler  
  65  8:10  Drone  
  66  8:13  Spine Crawler  
  66  8:16  Drone  
  66  8:17  Overlord  
  66  8:18  Roach  
  66  8:19  Drone  
  69  9:03  Extractor  
  69  9:06  Extractor  
  67  9:16  Hive, Pneumatized Carapace  
  67  9:17  Overseer, Overlord  
  67  9:18  Zerg Melee Weapons Level 1, Zerg Ground Armor Level 1  
  67  9:35  Drone  
  67  9:38  Drone  
  67  9:39  Zergling x2  
  67  9:44  Overseer  
  51  9:48  Hatchery  
  51  9:51  Hydralisk  
  52  10:04  Hydralisk  
  52  10:06  Overlord  
  54  10:16  Burrow  
  54  10:18  Hydralisk  
  56  10:30  Hydralisk, Muscular Augments  
  56  10:33  Ultralisk Cavern  
  57  10:44  Greater Spire  
  57  11:01  Drone  
  57  11:02  Queen  
  60  11:04  Drone  
  60  11:07  Drone  
  60  11:10  Drone  
  63  11:12  Zerg Missile Weapons Level 1  
  63  11:13  Drone  
  63  11:16  Drone  
  65  11:19  Drone  
  65  11:20  Ultralisk  
  65  11:21  Drone  
  65  11:24  Drone  
  74  11:27  Drone, Overlord  
  74  11:30  Drone  
  76  11:33  Drone, Ultralisk  
  76  11:35  Extractor  
  76  11:36  Drone  
  76  11:39  Spore Crawler  
  82  11:40  Drone, Spore Crawler  
  82  11:41  Extractor  
  82  11:43  Drone  
  82  11:46  Ultralisk, Drone  
  89  11:58  Spire  
  89  12:00  Drone  
  89  12:07  Spine Crawler  
  89  12:08  Drone  
  89  12:09  Spine Crawler  
  89  12:11  Drone  
  89  13:16  Zerg Ground Armor Level 2, Ultralisk, Overlord, Zerg Melee Weapons Level 2  
  95  13:26  Ultralisk  
  82  13:33  Overseer  
  74  13:35  Overlord  
  74  13:36  Zergling x2, Overseer  
  75  13:46  Ultralisk  
  81  13:55  Overlord  
  81  13:56  Hydralisk  
  83  14:06  Hydralisk  
  85  14:13  Overlord  
  91  14:17  Ultralisk  
  91  14:27  Ultralisk  
  82  14:33  Overseer, Overlord  
  82  14:37  Ultralisk  
  74  14:46  Hydralisk  
  74  14:51  Drone, Overlord  
  65  14:54  Drone  
  65  14:57  Zergling x2  
  66  15:00  Drone  
  66  15:03  Drone  
  66  15:05  Drone  
  66  15:06  Hydralisk  
  68  15:08  Drone  
  68  15:11  Drone  
  70  15:14  Drone  
  70  15:17  Drone, Ultralisk  
  56  15:23  Hatchery  
  56  15:28  Ultralisk  
  52  15:34  Extractor  
  47  15:37  Hydralisk  
  47  15:48  Zergling x2  
  47  15:50  Hatchery  
  45  16:09  Drone  
  45  16:10  Ultralisk  
  43  16:13  Drone  
  33  16:20  Roach, Drone  
  33  16:24  Drone  
  34  16:28  Roach  
  34  16:30  Drone  
  34  16:31  Overseer  
  35  16:33  Drone  
  35  16:36  Drone  
  35  16:38  Ultralisk  
  42  16:46  Roach  
  36  16:53  Roach  
  35  16:55  Drone  
  35  16:57  Extractor  
  35  17:00  Drone  
  29  17:03  Hydralisk  
  29  17:07  Queen, Drone  
  32  17:11  Roach  
  31  17:16  Drone  
  31  17:20  Zergling x2  
  31  17:22  Drone  
  31  17:28  Drone  
  25  17:30  Ultralisk  
  25  17:36  Drone x2  
  14  17:39  Lair  
Tags
 
Add a new tag
Caveats
  • Supply blocks, unpowered buildings, or Contaminate may cause inaccurate times.
  • Supply counts are checked every 10 seconds.